 Dungeon Crawl Stone Soup version 0.19-a0-529-g411dd88 (webtiles) character file.

62669 GeneralIdiocy the Brawler (level 14, -1/106 HPs)
             Began as a Demonspawn Monk on June 8, 2016.
             Was the Champion of Pakellas.
             Slain by an orc warlord
             ... wielding a cursed -1 great sword
              (15 damage)
             ... on level 1 of the Orcish Mines.
             The game lasted 01:00:47 (30338 turns).

GeneralIdiocy the Brawler (Demonspawn Monk)        Turns: 30338, Time: 01:00:47

Health: -1/106     AC: 15    Str: 17    XL:     14   Next: 65%
Magic:  15/23      EV: 14    Int: 12    God:    Pakellas [******]
Gold:   1524       SH:  0    Dex: 17    Spells: 0 memorised, 13 levels left

rFire  + + .     SeeInvis .     a - +10 supercharged iron rod (1/18)
rCold  x . .     Gourm    .     J - +0 fire dragon armour
rNeg   . . .     Faith    .     (no shield)
rPois  .         Spirit   .     (helmet unavailable)
rElec  .         Dismiss  .     M - +2 cloak
rCorr  .         Reflect  .     (gloves unavailable)
SustAt .         Harm     .     (boots unavailable)
MR     ++...                    (no amulet)
Stlth  ..........               e - ring of protection from magic
                                t - +3 ring of evasion

@: drained, very resistant to hostile enchantments, extremely unstealthy
A: claws 3, hooves 3, horns 3, agile 1, powered by pain 1
a: Quick Charge, Device Surge, Renounce Religion


You were on level 1 of the Orcish Mines.
You worshipped Pakellas.
Pakellas was exalted by your worship.
You were not hungry.

You visited 3 branches of the dungeon, and saw 19 of its levels.

You collected 1524 gold pieces.

Inventory:

Missiles
 x - 36 tomahawks (quivered)
Armour
 C - a +1 scale mail of fire resistance
 J - a +0 fire dragon armour (worn)
 M - a +2 cloak (worn)
Rods
 a - a +10 supercharged iron rod (1/18) (in claw)
   (You found it on level 2 of the Lair of Beasts)
 s - a +8 rod of ignition (11/14)
   (Pakellas gifted it to you on level 10 of the Dungeon)
Jewellery
 e - a ring of protection from magic (right claw)
 t - a +3 ring of evasion (left claw)
Wands
 f - a wand of slowing (48/48)
 h - a wand of disintegration (24/24)
 i - a wand of random effects (48/48)
 q - a wand of paralysis (24/24)
 u - a wand of iceblast (15/15)
 y - a wand of lightning (15/15)
 z - a wand of iceblast (15/15)
 G - a wand of confusion (48/48)
 I - a wand of acid (15/15)
 L - a wand of enslavement (2/24)
 S - a wand of random effects (32/48)
Scrolls
 d - 4 scrolls of enchant weapon
 l - 2 scrolls of amnesia
 o - 6 scrolls of remove curse
 p - 3 scrolls of fog
 v - 7 scrolls of identify
 A - 3 scrolls of magic mapping
 K - 8 scrolls of teleportation
 N - a scroll of fear
 R - 2 scrolls of blinking
Potions
 c - 3 potions of flight
 g - 3 potions of cancellation
 k - 3 potions of agility
 w - 6 potions of magic
 B - 3 potions of invisibility
 D - 2 potions of cure mutation
 E - 5 potions of curing
 F - 2 potions of haste
 O - 2 potions of brilliance
 P - a potion of might
 Q - a potion of ambrosia
Books
 r - a book of Envenomations

   Spells                             Type                      Level
   a - Spider Form                    Transmutation/Poison         3
   b - Olgreb's Toxic Radiance        Poison                       4
   c - Alistair's Intoxication        Transmutation/Poison         5
   d - Poisonous Cloud                Conjuration/Poison/Air       6
Miscellaneous
 j - a lamp of fire
 n - a phantom mirror
 U - a disc of storms
Comestibles
 b - 10 bread rations
 m - 5 meat rations


   Skills:
 + Level 8.7(8.5) Fighting
 + Level 5.7(5.6) Throwing
 + Level 10.3(10.1) Armour
 - Level 2.6(2.5) Dodging
 - Level 1.7(1.6) Stealth
 * Level 15.3(15.1) Unarmed Combat
 - Level 13.0(12.8) Evocations


You had 13 spell levels left.
You didn't know any spells.

Dungeon Overview and Level Annotations

Branches:
Dungeon (10/15)            Temple (0/1) D:5            Lair (8/8) D:8
  Swamp (0/4) Lair:4       Spider (0/4) Lair:5        Slime (0/6) Lair:6
    Orc (1/2) D:10

Altars:
Cheibriados
Dithmenos
Elyvilon
Fedhas
Kikubaaqudgha
Makhleb
Nemelex Xobeh
Pakellas
Qazlal
Sif Muna
Trog
Uskayaw
Vehumet
Yredelemnul
Zin
The Shining One

Shops:
D:5 (   D:9 =

Annotations:
Lair:6 exclusion: 3 oklob plants


Innate Abilities, Weirdness & Mutations

You have claws for hands.
You have hooves in place of feet.
You have a pair of large horns on your head.
You sometimes gain a little power by taking damage.
You are agile. (Dex +2)


Message History

The burst of metal fragments hits the orc warlord. x3
The burst of metal fragments hits the orc warrior.
The burst of metal fragments hits the orc warlord. x5
The orc warlord is heavily wounded.
The orc warrior is almost dead.
The orc warlord hits you with a great sword!
* * * LOW HITPOINT WARNING * * *
The orc high priest mumbles some strange prayers to Beogh against you.
Beogh smites you!
* * * LOW HITPOINT WARNING * * *
Okay, then.
You feel better.
The orc wizard no longer looks unusually strong.
The orc warlord roars a battlecry!
The orc warlord hits you with a great sword!
* * * LOW HITPOINT WARNING * * *
You feel better.
The orc warlord hits you with a great sword!
You die...
Pakellas says: Back to the drawing board!

### ##.## #...#
#@# .#.
##o#.....
#ooO......
#...)ooh#o#....
##$..oo....# ..
#O#..)......#
#..)#.#.#....#
))).###.......
.)..# .....#$


You could see an orc warlord, an orc high priest, a warg, 4 orc warriors, an
ogre, an orc priest and an orc wizard.

Vanquished Creatures
  Gastronok (Lair:1)
  Snorg (Lair:6)
  A fire dragon (Lair:8)
  An ice dragon (Lair:8)
  6 hydras
  Erica (D:9)
  Erolcha (D:8)
  6 death yaks
  A hill giant (D:10)
  A lindwurm (Lair:8)
  Pikel (D:8)
  An oklob plant (Lair:3)
  An orc sorcerer (Orc:1)
  5 black mambas
  Maurice (D:8)
  A centaur zombie (D:10)
  23 elephants
  5 torpor snails (Lair:8)
  19 spiny frogs
  A gargoyle (D:9)
  11 komodo dragons
  5 rime drakes
  An efreet (D:9)
  6 giant leeches
  A polar bear (Lair:8)
  25 blink frogs
  A boulder beetle (Lair:8)
  19 yaks
  Eustachio (D:5)
  7 basilisks
  2 wyverns
  2 steam dragons
  8 hippogriffs
  2 mottled dragons (Lair:8)
  Edmund (D:5)
  12 water moccasins
  15 porcupines
  A swamp drake (Lair:8)
  3 black bears
  An ice beast (D:10)
  A slave (D:7)
  5 wasps
  3 sky beasts
  12 orc warriors
  A phantom (D:5)
  7 ogres
  17 wolves
  13 crocodiles
  The ghost of xodahs the Grave Robber, an amateur TeNe (D:3)
  26 giant frogs
  A wyvern skeleton (D:8)
  4 scorpions
  A water moccasin skeleton (D:10)
  8 electric eels
  6 howler monkeys (D:8)
  4 crimson imps
  3 quasits
  2 giant frog zombies
  8 orc priests
  3 hounds
  3 jellies
  2 centaur skeletons
  10 iguanas
  10 orc wizards
  9 worker ants
  37 sheep
  A hound skeleton (D:8)
  6 gnolls
  A howler monkey skeleton (D:5)
  14 adders
  73 river rats
  A shadow imp (D:7)
  4 adder skeletons
  22 worms
  9 giant geckos
  39 orcs
  7 giant cockroaches
  10 goblins
  14 hobgoblins
  8 jackals
  10 kobolds
  7 quokkas
  A ball python (D:1)
  10 bats
  A giant gecko skeleton (D:5)
  A giant gecko zombie (D:4)
  4 giant newts
  2 gnoll zombies (D:7)
  A quokka skeleton (D:4)
  2 quokka zombies
  11 rats
  7 bushes (Lair:3)
  2 fungi (Lair:8)
  6 plants
673 creatures vanquished.

Vanquished Creatures (collateral kills)
  A howler monkey (D:8)
1 creature vanquished.

Vanquished Creatures (others)
  A slave (D:8)
  A centaur (D:9)
  2 jellies
  An orc wizard (D:10)
  A bush (Lair:8)
  39 fungi
  31 plants
76 creatures vanquished.

Grand Total: 750 creatures vanquished

Notes
Turn   | Place    | Note
--------------------------------------------------------------
     0 | D:1      | GeneralIdiocy the Demonspawn Monk began the quest for the Orb.
     0 | D:1      | Reached XP level 1. HP: 18/18 MP: 1/1
    52 | D:1      | Gained mutation: You have large cloven feet. [demonic ancestry]
    52 | D:1      | Reached XP level 2. HP: 9/24 MP: 2/2
   891 | D:1      | Gained mutation: You have a pair of small horns on your head. [demonic ancestry]
   891 | D:1      | Reached XP level 3. HP: 4/30 MP: 3/3
  1004 | D:1      | Reached skill level 4 in Unarmed Combat
  3161 | D:2      | Reached skill level 1 in Evocations
  3161 | D:2      | Gained mutation: You have a pair of horns on your head. [demonic ancestry]
  3161 | D:2      | Reached XP level 4. HP: 26/37 MP: 4/4
  3496 | D:3      | Found a hide-covered altar of Uskayaw.
  3496 | D:3      | Noticed a dagger
  3496 | D:3      | Noticed a dagger
  4215 | D:3      | Noticed xodahs's ghost (amateur TeNe)
  4633 | D:3      | Killed xodahs's ghost
  4633 | D:3      | Gained mutation: You have a pair of large horns on your head. [demonic ancestry]
  4633 | D:3      | Reached XP level 5. HP: 22/42 MP: 6/6
  5128 | D:2      | Reached skill level 5 in Unarmed Combat
  5333 | D:3      | Reached XP level 6. HP: 37/49 MP: 6/8
  5709 | D:3      | Found an oddly glowing altar of Pakellas.
  6078 | D:3      | Became a worshipper of Pakellas the Inventive
  6078 | D:3      | Reached * piety under Pakellas
  6078 | D:3      | Received a gift from Pakellas
  6078 | D:3      | Reached ** piety under Pakellas
  6078 | D:3      | Received a gift from Pakellas
  7300 | D:4      | Gained mutation: You have sharp fingernails. [demonic ancestry]
  7300 | D:4      | Reached XP level 7. HP: 51/55 MP: 4/9
  7520 | D:4      | Gained mutation: You are agile. (Dex +2) [potion of beneficial mutation]
  7525 | D:4      | Reached skill level 5 in Fighting
  7675 | D:5      | Entered Level 5 of the Dungeon
  7694 | D:5      | Found a stormy altar of Qazlal.
  7733 | D:5      | Found Josol's Weapon Emporium.
  7750 | D:5      | Found a staircase to the Ecumenical Temple.
  7809 | D:5      | Noticed Eustachio
  7865 | D:6      | Reached skill level 6 in Unarmed Combat
  8140 | D:5      | Killed Eustachio
  8140 | D:5      | Reached skill level 1 in Armour
  8176 | D:5      | Found a blossoming altar of Fedhas.
  8292 | D:5      | Noticed Edmund
  8302 | D:5      | Killed Edmund
  8302 | D:5      | Reached skill level 5 in Evocations
  8302 | D:5      | Gained mutation: You have very sharp fingernails. [demonic ancestry]
  8302 | D:5      | Reached XP level 8. HP: 45/62 MP: 11/11
  8512 | D:5      | Found a sparkling altar of Nemelex Xobeh.
  8699 | D:6      | Found a snail-covered altar of Cheibriados.
  8723 | D:6      | Reached skill level 7 in Unarmed Combat
  9305 | D:6      | Reached *** piety under Pakellas
  9305 | D:6      | Received a gift from Pakellas
  9383 | D:7      | Found a white marble altar of Elyvilon.
  9615 | D:7      | Found a shadowy altar of Dithmenos.
  9884 | D:7      | Found a glowing golden altar of the Shining One.
 10025 | D:7      | Found a glowing silver altar of Zin.
 10055 | D:7      | Found a deep blue altar of Sif Muna.
 10297 | D:7      | Found a basalt altar of Yredelemnul.
 10438 | D:8      | Reached XP level 9. HP: 68/68 MP: 14/14
 10504 | D:8      | Reached skill level 8 in Unarmed Combat
 10562 | D:8      | Noticed Erolcha
 10574 | D:8      | Killed Erolcha
 10650 | D:8      | Noticed Pikel
 10685 | D:8      | Killed Pikel
 10685 | D:8      | Reached skill level 9 in Unarmed Combat
 10766 | D:8      | Found a staircase to the Lair.
 10862 | D:8      | Reached **** piety under Pakellas
 10862 | D:8      | Received a gift from Pakellas
 10984 | D:8      | Noticed Maurice
 11021 | D:8      | Killed Maurice
 11021 | D:8      | Gained mutation: You sometimes gain a little power by taking damage. [demonic ancestry]
 11021 | D:8      | Reached XP level 10. HP: 74/74 MP: 8/16
 11315 | D:8      | Found a burning altar of Makhleb.
 11315 | D:8      | Found a radiant altar of Vehumet.
 11317 | D:8      | Found a bloodstained altar of Trog.
 11396 | D:9      | Noticed Erica
 11416 | D:9      | Killed Erica
 11416 | D:9      | Reached skill level 5 in Armour
 11533 | D:9      | Found Ole Lopn's Jewellery Boutique.
 11572 | D:9      | Found an ancient bone altar of Kikubaaqudgha.
 11886 | D:9      | Reached skill level 10 in Unarmed Combat
 12131 | D:9      | Noticed a gargoyle
 12142 | D:9      | Killed a gargoyle
 12207 | D:9      | Found a stormy altar of Qazlal.
 12419 | D:10     | Entered Level 10 of the Dungeon
 12507 | D:10     | Noticed a hill giant
 12519 | D:10     | Killed a hill giant
 12519 | D:10     | Reached skill level 10 in Evocations
 13487 | D:10     | Gained mutation: You have claws for hands. [demonic ancestry]
 13487 | D:10     | Reached XP level 11. HP: 75/79 MP: 18/18
 13617 | D:10     | Found a staircase to the Orcish Mines.
 14456 | D:10     | Reached ***** piety under Pakellas
 14456 | D:10     | Received a gift from Pakellas
 14714 | D:10     | Identified a +8 rod of ignition (14/14) (Pakellas gifted it to you on level 10 of the Dungeon)
 14843 | Lair:1   | Entered Level 1 of the Lair of Beasts
 15118 | Lair:1   | Reached skill level 11 in Unarmed Combat
 15158 | Lair:1   | Noticed Gastronok
 15184 | Lair:1   | Killed Gastronok
 15620 | Lair:1   | Got a warped leather armour
 15631 | Lair:1   | Identified the +2 leather armour of the Saviour {+Blink} (You found it on level 1 of the Lair of Beasts)
 15997 | Lair:1   | Noticed a six-headed hydra
 16035 | Lair:1   | Killed a six-headed hydra
 17128 | Lair:2   | Reached skill level 12 in Unarmed Combat
 17188 | Lair:2   | Gained mutation: You have hoof-like feet. [demonic ancestry]
 17188 | Lair:2   | Reached XP level 12. HP: 86/86 MP: 8/21
 19696 | Lair:4   | Noticed a four-headed hydra
 19705 | Lair:4   | Killed a nine-headed hydra
 20307 | Lair:4   | Reached ****** piety under Pakellas
 20307 | Lair:4   | Reached skill level 13 in Unarmed Combat
 20351 | Lair:4   | Found a staircase to the Swamp.
 20756 | Lair:5   | Identified a +10 supercharged iron rod (18/18) (supercharged by Pakellas)
 21036 | Lair:5   | Noticed a six-headed hydra
 21039 | Lair:5   | Killed a six-headed hydra
 21352 | Lair:5   | Found a hole to the Spider Nest.
 21541 | Lair:5   | Gained mutation: You have hooves in place of feet. [demonic ancestry]
 21541 | Lair:5   | Reached XP level 13. HP: 35/93 MP: 22/22
 22098 | Lair:5   | Reached skill level 1 in Throwing
 22678 | Lair:6   | Found a staircase to the Slime Pits.
 23260 | Lair:6   | Noticed Snorg
 23269 | Lair:6   | Killed Snorg
 23853 | Lair:7   | Reached skill level 14 in Unarmed Combat
 26076 | Lair:8   | Entered Level 8 of the Lair of Beasts
 26459 | Lair:8   | Reached XP level 14. HP: 66/103 MP: 16/23
 27182 | Lair:8   | HP: 5/104 [poisoned by a black mamba]
 27187 | Lair:8   | HP: 5/104 [poisoned by a black mamba]
 27192 | Lair:8   | HP: 4/104 [poisoned by a black mamba]
 27200 | Lair:8   | HP: 4/104 [poisoned by a black mamba]
 27205 | Lair:8   | HP: 4/104 [poisoned by a black mamba]
 28006 | Lair:8   | Reached skill level 5 in Throwing
 28227 | Lair:8   | Reached skill level 10 in Armour
 28463 | Lair:8   | Reached skill level 15 in Unarmed Combat
 28586 | Lair:8   | Found a runed door.
 30309 | Orc:1    | Entered Level 1 of the Orcish Mines
 30315 | Orc:1    | Noticed an orc warlord
 30338 | Orc:1    | Slain by an orc warlord

Vault maps used:
D:1:      dpeg_arrival_ratfight, minivault_24, kennysheep_boxes
D:3:      dancing_weapons_uskayaw, grunt_pakellas_basics
D:4:      serial_undead, serial_undead_b, serial_undead_f, serial_undead_b,
          serial_undead_e
D:5:      lemuel_coloured_pillars_altar, kennysheep_little_box,
          minmay_temple_entry_overgrown, serial_shops, shop, first_bread,
          minmay_misc_feat_room, kennysheep_pointless_box, minivault_14,
          grunt_qazlal_clouds, uniq_eustachio, uniq_edmund
D:6:      slow_altar_1, minmay_item_behind_shaft
D:7:      elyvilon_altar_4, lemuel_blue_sif_altar,
          lemuel_zombie_altar_yredelemnul, lemuel_round_altar, zin_statuary,
          nicolae_dithmenos_shadow_blocks, grunt_ogre_cave
D:8:      minitemple, lair_0_dummy, uniq_maurice, uniq_pikel, uniq_erolcha
D:9:      kennysheep_mini_moat, kiku_gazebo_pond_becter, serial_shops,
          nicolae_shop_behind_doors, uniq_erica
D:10:     erik_orc_2, minmay_misc_feat_encased
Lair:1:   uniq_gastronok
Lair:2:   serial_bayou_shore_a
Lair:3:   minmay_lair_oklob_bushes, grunt_megastairs_2
Lair:4:   minmay_swamp_entry_worms, lemuel_fruit_fields
Lair:5:   dummy_spider_entry
Lair:6:   minmay_slime_entry_oklob_open, serial_bayou_lagoon_b, uniq_snorg
Lair:7:   serial_bayou_ford_a, lemuel_fruit_tree, grunt_megastairs_1,
          infiniplex_staircase_pool
Lair:8:   wormcave, guppyfry_lair_end_dragon
Orc:1:    basic_altar

Skill      XL: |  1  2  3  4  5  6  7  8  9 10 11 12 13 14 |
---------------+-------------------------------------------+-----
Unarmed Combat | 4 5 6 7 9 10 12 13 14 15 | 15.3
Evocations     | 1 2 3 5 6 8 10 12 13 | 13.0
Fighting       | 4 5 7 8 |  8.7
Armour         | 1 3 4 6 7 8 9 10 | 10.3
Throwing       | 4 5 |  5.7
Dodging        | |  2.6
Stealth        | |  1.7

Action                   |  1- 3 |  4- 6 |  7- 9 | 10-12 | 13-15 || total
-------------------------+-------+-------+-------+-------+-------++-------
Melee: Unarmed           |   338 |   289 |   312 |   603 |   616 ||  2158
       Kick              |    58 |    64 |    98 |   196 |   180 ||   596
       Punch             |     3 |     6 |     9 |    41 |    42 ||   101
       Headbutt          |    26 |    43 |    69 |   122 |   135 ||   395
Throw: Throwing net      |       |     1 |       |     1 |       ||     2
       Tomahawk          |       |       |       |     9 |     8 ||    17
Invok: Quick Charge      |       |     2 |     2 |     9 |    13 ||    26
       Device Surge      |       |       |       |     1 |     9 ||    10
       Supercharge       |       |       |       |     1 |       ||     1
Evoke: Wand              |     6 |     2 |    13 |    33 |     3 ||    57
       Rod               |       |       |       |    20 |    63 ||    83
  Use: Scroll            |     4 |     6 |     5 |    15 |     4 ||    34
       Potion            |       |     3 |     1 |     4 |     7 ||    15
 Stab: Sleeping          |     2 |       |     2 |       |       ||     4
       Paralysed         |       |       |     5 |    10 |     3 ||    18
       Distracted        |       |       |     1 |       |       ||     1
  Eat: Chunk             |     7 |     7 |     6 |    18 |    30 ||    68
       Pizza             |       |     1 |       |       |     1 ||     2
       Meat ration       |       |     1 |       |     2 |     3 ||     6
       Fruit             |       |       |     6 |     2 |    10 ||    18
       Beef jerky        |       |       |       |     9 |     1 ||    10
       Royal jelly       |       |       |       |       |     1 ||     1
Armor: Robe              |    62 |    19 |       |       |       ||    81
       Ring mail         |       |    28 |    46 |       |       ||    74
       Scale mail        |       |       |    49 |   180 |   118 ||   347
       Skin              |       |       |       |     1 |       ||     1
       Fire dragon armou |       |       |       |       |    67 ||    67
Dodge: Dodged            |   264 |   172 |   205 |   325 |   374 ||  1340
